AoeStats
← Hector

Arena

505914059Analyzed
3v3 RM · 21d ago on Sep 11, 2026· 34m 0s· 6 players
Game mode
Random Map
Map size
Normal (6 player)
Population
200
Speed
Normal
Resources
Standard
Victory
Conquest
Starting age
Dark Age
Ending age
Imperial Age
RankedLock teamsTeams togetherTeam positionsShared explorationLock speedFull tech treeHidden civsTurbo modeCheats
Victory
Defeat
🇨🇴 Burgundians · Colombia
1686
+8
🇧🇩 Japanese · Bangladesh
1595
+11
🇩🇪 Magyars · Germany
1113
+122
🇦🇹 Ethiopians · Austria
1500
-17
🇧🇷 Bulgarians · Brazil
1475
-16
🇦🇹 Chinese · Austria
1459
-15
Carboncito
11:15 Feudal Age
9:32 Double-Bit Axe
15:58 Castle Age
14:51 Bow Saw
14:30 Horse Collar
15:44 Heavy Plow
17:43 Two-Man Saw
24:02 Imperial Age
21:55 Gold Mining
24:32 Two-Man Saw
25:42 Chemistry
25:23 Conscription
28:57 Padded Archer Armor
31:46 Wheelbarrow
30:56 Loom
30:56 Town Watch
31:44 Leather Archer Armor
30:56 Elite Skirmisher
32:04 Fletching
32:48 Ballistics
32:57 Bodkin Arrow
33:39 Bracer
Ansi
10:13 Feudal Age
13:50 Castle Age
12:13 Double-Bit Axe
16:19 Wheelbarrow
16:13 Horse Collar
24:20 Loom
28:26 Imperial Age
26:02 Fletching
26:35 Ballistics
26:49 Bodkin Arrow
27:26 Padded Archer Armor
28:35 Leather Archer Armor
29:10 Bracer
30:13 Chemistry
29:27 Bow Saw
30:27 Ring Archer Armor
30:12 Bloodlines
31:29 Husbandry
31:42 Masonry
31:38 Thumb Ring
31:59 Parthian Tactics
31:24 Heavy Cavalry Archer
32:45 Recurve Bow
33:24 Gold Mining
33:26 Stone Mining
33:37 Heavy Plow
34:37 Two-Man Saw
Vortex
10:42 Feudal Age
11:43 Loom
14:32 Castle Age
13:13 Gold Mining
13:47 Double-Bit Axe
13:42 Horse Collar
17:53 Redemption
18:03 Sanctity
29:24 Imperial Age
27:28 Bow Saw
29:36 Fletching
30:02 Fervor
31:48 Block Printing
32:10 Theocracy
32:26 Gold Shaft Mining
31:42 Stone Mining
32:27 Bodkin Arrow
33:29 Wheelbarrow
34:30 Illumination
34:05 Herbal Medicine
DeadlyEfficiency
10:59 Feudal Age
14:28 Castle Age
12:20 Horse Collar
13:27 Double-Bit Axe
16:16 Wheelbarrow
16:25 Wheelbarrow
16:11 Bow Saw
17:58 Loom
29:04 Heavy Plow
29:47 Fletching
33:44 Imperial Age
32:34 Hand Cart
Hector
10:22 Feudal Age
11:42 Double-Bit Axe
11:52 Horse Collar
14:19 Castle Age
15:17 Bow Saw
15:08 Heavy Plow
21:07 Wheelbarrow
22:18 Town Watch
22:20 Loom
23:03 Loom
23:37 Gold Mining
23:39 Stone Mining
24:12 Hand Cart
29:04 Imperial Age
26:25 Fletching
26:43 Thumb Ring
26:59 Ballistics
26:53 Fortified Wall
26:53 Masonry
27:02 Bodkin Arrow
27:27 Padded Archer Armor
28:15 Leather Archer Armor
28:54 Ballistics
28:54 Great Wall
30:14 Conscription
30:25 Ring Archer Armor
29:56 Bracer
30:58 Chemistry
29:44 Elite Chu Ko Nu
30:37 Bracer
31:38 Ring Archer Armor
32:51 Rocketry
35:11 Two-Man Saw
twitch.tv/markola86
10:49 Feudal Age
10:57 Loom
14:59 Castle Age
13:20 Double-Bit Axe
13:40 Gold Mining
14:03 Horse Collar
15:55 Wheelbarrow
15:17 Town Watch
15:45 Stone Mining
16:54 Bow Saw
19:01 Scale Barding Armor
19:07 Forging
19:35 Scale Mail Armor
21:22 Husbandry
23:39 Bloodlines
24:37 Chain Barding Armor
25:44 Iron Casting
27:23 Hand Cart
27:37 Chain Mail Armor
27:39 Stirrups
28:06 Fletching
28:30 Bodkin Arrow
Connection lost

Rejoining the realm…

Still unreachable

The connection could not be restored.

Session expired

The server has moved on; the page needs a fresh start.